 Dungeon Crawl Stone Soup version 0.25.1-8-g42b30a86e7 (webtiles) character file.

Game seed: 6087188512883420531

453 H0rd4k the Magician (level 6, -9/32 HPs)
             Began as a Deep Elf Wizard on Dec 22, 2020.
             Killed by divine providence
             ... invoked by an orc priest
              (17 damage)
             ... on level 4 of the Dungeon.
             The game lasted 00:09:59 (5004 turns).

H0rd4k the Magician (Deep Elf Wizard)               Turns: 5004, Time: 00:09:59

Health: -9/32      AC:  2    Str:  4    XL:     6   Next: 75%
Magic:  8/17       EV: 14    Int: 25    God:
Gold:   186        SH:  0    Dex: 13    Spells: 9/18 levels left

rFire    . . .     SeeInvis +   q - +2 short sword (venom)
rCold    . . .     Gourm    .   (no shield)
rNeg     . . .     Faith    .   a - +0 robe
rPois    .         Spirit   .   b - +0 hat
rElec    .         Reflect  .   (no cloak)
rCorr    .         Harm     .   (no gloves)
MR       +....                  (no boots)
Stlth    ++........             (no amulet)
HPRegen  0.10/turn              n - ring of see invisible
MPRegen  0.15/turn              m - ring of protection from magic

@: no status effects
A: no striking features
a: no special abilities


You were on level 4 of the Dungeon.
You were not hungry.

You visited 1 branch of the dungeon, and saw 4 of its levels.
You also visited: Sewer.

You collected 186 gold pieces.

Inventory:

Hand Weapons
 q - a +2 short sword of venom (weapon)
Armour
 a - a +0 robe (worn)
 b - a +0 hat (worn)
Jewellery
 m - a ring of protection from magic (right hand)
 n - a ring of see invisible (left hand)
 v - an uncursed ring of fire {unknown}
Wands
 f - a wand of flame (11)
 p - a wand of polymorph (6)
Scrolls
 c - a scroll of random uselessness {unknown}
 e - 2 scrolls of fog {unknown}
 o - 2 scrolls of remove curse {unknown}
 r - a scroll of teleportation {unknown}
 t - a scroll of immolation {unknown}
 w - a scroll of identify
Potions
 g - 3 potions of might
 h - 7 potions of curing
 i - 2 potions of invisibility
 j - 3 potions of resistance
 k - a potion of haste
 l - a potion of mutation
 s - a potion of berserk rage {unknown}
Comestibles
 d - 4 rations


   Skills:
 + Level 4.1 Dodging
 + Level 3.7 Stealth
 + Level 6.9 Spellcasting
 + Level 2.9 Conjurations
   Level 1.1 Summonings
 + Level 1.3 Translocations
 + Level 2.2 Fire Magic
 + Level 1.5 Air Magic
 + Level 1.9 Poison Magic


You had 9 spell levels left.
You knew the following spells:

 Your Spells              Type           Power        Failure   Level  Hunger
a - Magic Dart            Conj           ###.         1%          1    None
b - Blink                 Tloc           N/A          6%          2    None
c - Conjure Flame         Conj/Fire      ###.....     7%          3    None
d - Mephitic Cloud        Conj/Pois/Air  ###.....     9%          3    None

Your spell library contained the following spells:

 Spells                   Type           Power        Failure   Level  Hunger
 Call Imp                 Summ           ##......     6%          2    None
 Slow                     Hex            #.......     11%         2    None


Dungeon Overview and Level Annotations

Branches:
Dungeon (4/15)             Temple (0/1) D:4           Sewer (visited)

Altars:
Fedhas
Okawaru
Xom

Annotations:
D:3 exclusion: upstairs, Ijyb


Message History

The orc priest appears confused.
The orc priest calls upon Beogh to heal the orc priest.
The orc priest's wounds heal themselves!
Evoke which item? (* to show all) (? for menu, Esc to quit)
Aiming: Throw Flame
Press: ? - help, Shift-Dir - straight line, f/p - orc priest
Aim: an orc priest, wearing a +0 leather armour (noxious fumes, confused)
The puff of flame hits the orc priest.
The orc priest is moderately wounded.
The orc priest is engulfed in noxious fumes.
The orc priest appears confused.
The orc priest mumbles some strange prayers to Beogh against you.
Beogh smites you!
* * * LOW HITPOINT WARNING * * *
The orc priest hits the orc priest but does no damage.
The orc priest looks satisfied for a moment.
The orc priest calls down the wrath of Beogh upon you.
Beogh smites you!
Ouch! That really hurt!
You die...

#.# #...# #.# #...#
#######.###### #...######
.............###........#
###.###.####.##.....#.#.#
### #...###.##.#.#.#.#.# ..#
#..#.>............(.#.####.#
#....)..#.##.#...........#
#.⌠.⌠.⌠.#.##@#.#.###.###.#
#.8.8.8...##.......o.# #.#
#.......######.####### #.#
#.##..... #.# ###.# #.
..##.## ###.#######...# #
##. ..# #.....##......# #.
## #.....##.##.#.#
#.....##.##o#.#
#.....##....#.#


You could see an orc priest.

Vanquished Creatures
  A crocodile (Sewer)
  A scorpion (D:3)
  2 orc wizards (D:4)
  3 worker ants (D:4)
  Terence (D:3)
  7 adders
  2 oozes (D:3)
  2 worms
  3 dart slugs
  4 leopard geckos
  4 orcs (D:4)
  3 bats
  6 giant cockroaches
  12 goblins
  13 hobgoblins
  9 jackals
  3 frilled lizards
  8 kobolds
  10 rats
94 creatures vanquished.

Notes
Turn   | Place    | Note
-------+----------+-------------------------------------------
     0 | D:1      | H0rd4k the Deep Elf Wizard began the quest for the Orb.
     0 | D:1      | Reached XP level 1. HP: 10/10 MP: 7/7
   302 | D:1      | Reached XP level 2. HP: 15/15 MP: 4/9
   348 | D:1      | Reached skill level 5 in Spellcasting
   894 | D:1      | Reached XP level 3. HP: 19/19 MP: 8/11
   898 | D:1      | Learned a level 2 spell: Blink
   902 | D:1      | Learned a level 3 spell: Conjure Flame
   906 | D:1      | Learned a level 3 spell: Mephitic Cloud
  1431 | D:3      | Noticed a scorpion
  1652 | D:3      | Found a glowing drain.
  1656 | Sewer    | Entered a sewer
  2103 | Sewer    | Noticed a crocodile
  2123 | Sewer    | Killed a crocodile
  2123 | Sewer    | Reached skill level 6 in Spellcasting
  2123 | Sewer    | Reached skill level 1 in Fire Magic
  2123 | Sewer    | Reached skill level 1 in Air Magic
  2123 | Sewer    | Reached skill level 1 in Poison Magic
  2123 | Sewer    | Reached XP level 4. HP: 24/24 MP: 7/14
  2234 | D:3      | Reached XP level 5. HP: 28/28 MP: 9/15
  2638 | D:3      | Noticed Ijyb
  2818 | D:3      | Noticed Terence
  3177 | D:2      | Found a blossoming altar of Fedhas.
  3218 | D:2      | Reached XP level 6. HP: 32/32 MP: 15/17
  3719 | D:2      | Found an iron altar of Okawaru.
  3942 | D:3      | Killed Terence
  4700 | D:4      | Found a shimmering altar of Xom.
  4727 | D:4      | Found a staircase to the Ecumenical Temple.
  5004 | D:4      | Killed from afar by an orc priest

Illustrated notes

Levels and vault maps discovered:
D:1:      roderic_crop_circles_arrival_small, layout_loops_corners
D:2:      cheibrodos_greedy_goblins, layout_loops_cross, fedhas_altar_3,
          okawaru_metal_pillars_3, hex_tiny
D:3:      layout_loops_ring, nicolae_overflow_hidden_temple,
          gup_sewer_entry_bowl, serial_glass, glass_columns_b, glass_columns_a,
          glass_columns_c, glass_columns_a, glass_columns_a, glass_columns_a,
          glass_columns_a, glass_columns_b, grunt_ministairs_2,
          chequers_serial_rivers_room_b, uniq_terence, uniq_ijyb
D:4:      layout_loops_cross, zin_statuary, overflow_temple_1_default,
          gammafunk_temple_overflow_pools, minmay_temple_entry_drinking_statues,
          first_ration, minmay_misc_feat_four_crosses

Skill      XL: |  1  2  3  4  5  6 |
---------------+-------------------+-----
Spellcasting   | 5 6 |  6.9
Dodging        | 3 4 |  4.1
Conjurations   | 2 |  2.9
Fire Magic     | 1 2 |  2.2
Air Magic      | 1 |  1.5
Poison Magic   | 1 |  1.9
Stealth        | 3 |  3.7
Summonings     | |  1.1
Translocations | |  1.3

Action                   |  1- 3 |  4- 6 || total
-------------------------+-------+-------++-------
Melee: Unarmed           |     7 |       ||     7
 Cast: Magic Dart        |    90 |   160 ||   250
       Blink             |     3 |     5 ||     8
       Conjure Flame     |     1 |     4 ||     5
       Mephitic Cloud    |     1 |     4 ||     5
Evoke: Wand              |       |     1 ||     1
  Use: Scroll            |       |     6 ||     6
  Eat: Chunk             |     3 |     9 ||    12
Armor: Robe              |    21 |     2 ||    23
Dodge: Dodged            |    66 |    20 ||    86
